AoeStats
← 貓妖

Arena

510534627Analyzed
1v1 RM · 2d ago on Oct 1, 2026· 21m 59s· 2 players
Game mode
Random Map
Map size
Tiny (2 player)
Population
200
Speed
Normal
Resources
Standard
Victory
Conquest
Starting age
Dark Age
Ending age
Imperial Age
RankedLock teamsTeams togetherTeam positionsShared explorationLock speedFull tech treeHidden civsTurbo modeCheats
Victory
Defeat
🇨🇦 Malay · Canada
1209
+15
🇹🇼 Franks · Taiwan
1197
-15
貓妖
10:45 Feudal Age
14:16 Castle Age
12:23 Double-Bit Axe
16:18 Loom
17:54 Fervor
skadooshkfp
11:54 Feudal Age
15:06 Castle Age
12:51 Horse Collar
14:23 Double-Bit Axe
21:15 Loom
Connection lost

Rejoining the realm…

Still unreachable

The connection could not be restored.

Session expired

The server has moved on; the page needs a fresh start.